 Dungeon Crawl Stone Soup version 0.25-a0-263-g9d16a9d099 (webtiles) character file.

Game seed: 16382023226531896903, levelgen mode: deterministic

163 D1HalberdGnoll the Firebug (level 5, 0/41 HPs)
             Began as a Draconian Fire Elementalist on Dec 7, 2019.
             Succumbed to a water moccasin's poison
             ... on level 2 of the Dungeon.
             The game lasted 00:03:20 (1405 turns).

D1HalberdGnoll the Firebug (DrFE)                   Turns: 1405, Time: 00:03:21

Health: 0/41       AC:  5    Str: 15    XL:     5   Next: 20%
Magic:  1/9        EV: 12    Int: 20    God:
Gold:   69         SH:  0    Dex: 11    Spells: 5/9 levels left

rFire    . . .     SeeInvis .   a - +0 dagger
rCold    . . .     Gourm    .   (no shield)
rNeg     . . .     Faith    .   (armour unavailable)
rPois    .         Spirit   .   (helmet restricted)
rElec    .         Reflect  .   (no cloak)
rCorr    .         Harm     .   (no gloves)
MR       .....                  (no boots)
Stlth    ++........             (no amulet)
HPRegen  0.13/turn              i - +3 ring of intelligence
MPRegen  0.11/turn              (no ring)

@: mighty, lethally poisoned (0 -> -4), hasted, very quick
A: unfitting armour, cold-blooded, AC +5
a: no special abilities


You were on level 2 of the Dungeon.
You were not hungry.

You visited 1 branch of the dungeon, and saw 2 of its levels.

You collected 69 gold pieces.

Inventory:

Hand Weapons
 a - a +0 dagger (weapon)
Jewellery
 i - a +3 ring of intelligence (left hand)
Wands
 m - a wand of digging (7)
Scrolls
 c - a scroll of noise {unknown}
 d - 2 scrolls of identify {unknown}
 f - a scroll of immolation {unknown}
 h - a scroll of amnesia {unknown}
 k - a scroll of enchant weapon {unknown}
Comestibles
 b - 3 rations
 j - 5 chunks of flesh


   Skills:
 + Level 2.1 Fighting
 - Level 1.7 Dodging
 - Level 1.7 Stealth
 + Level 2.8 Spellcasting
 + Level 2.3 Conjurations
 * Level 4.4 Fire Magic


You had 5 spell levels left.
You knew the following spells:

 Your Spells              Type           Power        Failure   Level  Hunger
a - Foxfire               Conj/Fire      ###.         3%          1    None
b - Conjure Flame         Conj/Fire      ###.....     11%         3    ###....

Your spell library contained the following spells:

 Spells                   Type           Power        Failure   Level  Hunger
 Inner Flame              Hex/Fire       ##......     17%         3    ###....
 Sticky Flame             Conj/Fire      ###.....     34%         4    ####...
 Fireball                 Conj/Fire      ###.......   69%         5    ######.


Dungeon Overview and Level Annotations

Branches:
Dungeon (2/15)

Altars:


Innate Abilities, Weirdness & Mutations

Your plain brown scales are hard. (AC +5)
You cannot fit into any form of body armour.
You are cold-blooded and may be slowed by cold attacks.


Message History

The foxfire hits the water moccasin.
You kill the water moccasin!
Your Fighting skill increases to level 2!
Your Conjurations skill increases to level 2!
Your Fire Magic skill increases to level 4!
You have reached level 4!
You feel clever.
You have reached level 5!
* * * LOW HITPOINT WARNING * * *
You feel sick.
You see here a +0 club.
* * * LOW HITPOINT WARNING * * *
You feel sick.
You aren't carrying any potions.
Okay, then.
* * * LOW HITPOINT WARNING * * *
You feel sick.
* * * LOW HITPOINT WARNING * * *
You feel sick.
You die...

#.......# #.......#
########### #........
#.........# #........
#.........# #........
#.........#### #........
#............# #........
#............# #........
#......@.†.†.# #...####.
#........)...###...####.
#.......................
#............###...####.
#............# #...# ##
#........[...# #...#
...###..........##...#
#.. #..........##...# #.
#..........##...#


There were no monsters in sight!

Vanquished Creatures
  A water moccasin (D:2)
  An adder (D:2)
  4 dart slugs
  2 giant cockroaches (D:2)
  7 hobgoblins
  2 jackals (D:2)
  2 ball pythons
  11 bats
  2 frilled lizards (D:2)
  3 goblins (D:1)
  4 kobolds (D:1)
  A rat (D:2)
40 creatures vanquished.

Vanquished Creatures (others)
  76 foxfires
  5 toadstools (D:1)
81 creatures vanquished.

Grand Total: 121 creatures vanquished

Notes
Turn   | Place    | Note
-------+----------+-------------------------------------------
     0 | D:1      | D1HalberdGnoll the Draconian Fire Elementalist began the
                  | quest for the Orb.
     0 | D:1      | Reached XP level 1. HP: 14/14 MP: 3/3
    92 | D:1      | Reached XP level 2. HP: 21/22 MP: 0/5
   329 | D:1      | Reached skill level 1 in Fighting
   871 | D:1      | Reached XP level 3. HP: 28/28 MP: 2/6
   927 | D:2      | Learned a level 3 spell: Conjure Flame
  1369 | D:2      | Noticed a water moccasin
  1394 | D:2      | Killed a water moccasin
  1394 | D:2      | Reached skill level 4 in Fire Magic
  1394 | D:2      | Reached XP level 4. HP: 3/36 MP: 0/8
  1394 | D:2      | Reached XP level 5. HP: 4/41 MP: 0/9
  1397 | D:2      | HP: 2/41 [poisoned by a water moccasin]
  1402 | D:2      | HP: 1/41 [poisoned by a water moccasin]
  1405 | D:2      | Succumbed to a water moccasin's poison

Levels and vault maps discovered:
D:1:      ldierk_walled_garden, layout_rooms, minmay_ruptured
D:2:      layout_basic

Skill      XL: |  1  2  3 |
---------------+----------+-----
Fighting       | 1 2 |  2.1
Conjurations   | 2 |  2.3
Fire Magic     | 4 |  4.4
Dodging        | |  1.7
Stealth        | |  1.7
Spellcasting   | |  2.8

Action                   |  1- 3 |  4- 6 || total
-------------------------+-------+-------++-------
Melee: Dagger            |    81 |       ||    81
       Tailslap          |     6 |       ||     6
 Cast: Foxfire           |    47 |       ||    47
  Use: Potion            |     3 |       ||     3
 Stab: Sleeping          |     1 |       ||     1
  Eat: Chunk             |     2 |       ||     2
Armor: Skin              |    53 |       ||    53
Dodge: Dodged            |    95 |       ||    95

Table legend:
 A = Non-vault XP
 B = Vault XP
 C = Vault XP percentage of total XP
 D = Non-vault monster count
 E = Vault monster count
 F = Vault count percentage of total count
                 A         B        C        D         E       F
            +---------+---------+-------+---------+---------+-------
      Total |     228 |       6 |   2.6 |      36 |       4 |  10.0
            +---------+---------+-------+---------+---------+-------
        D:1 |      36 |       6 |  14.3 |      20 |       4 |  16.7
        D:2 |     192 |       0 |   0.0 |      16 |       0 |   0.0
            +---------+---------+-------+---------+---------+-------
